 Dungeon Crawl Stone Soup version 0.29-a0-613-gf2c431b9b9 (webtiles) character file.

Game seed: 10950911337792427866

4 Miritol the Cudgeller (level 1, 19/19 HPs)
             Began as a Meteoran Monk on June 16, 2022.
             Quit the game on level 1 of the Dungeon.
             The game lasted 00:01:29 (92 turns).

Miritol the Cudgeller (Meteoran Monk)                 Turns: 92, Time: 00:01:30

Health: 19/19      AC:  2    Str: 12    XL:     1   Next: 85%
Magic:  2/2        EV: 13    Int: 11    God:
Gold:   9          SH:  0    Dex: 16    Spells: 0/0 levels left

rFire   . . .      SeeInvis .   a - +0 mace
rCold   . . .      Faith    .   (no shield)
rNeg    . . .      Spirit   .   b - +0 robe
rPois   .          Reflect  .   f - +0 hat
rElec   .          Harm     .   (no cloak)
rCorr   .          Rampage  .   (no gloves)
Will    .....                   (no boots)
Stlth   +.........              (no amulet)
HPRegen 0.06/turn               (no ring)
MPRegen 0.08/turn               (no ring)

@: glowing
A: sense surroundings 1, otherworldly, glowing, explore regen
a: no special abilities


You were on level 1 of the Dungeon.
You visited 1 branch of the dungeon, and saw 1 of its levels.

You collected 9 gold pieces.

Inventory:

Hand Weapons
 a - a +0 mace (weapon)
Armour
 b - a +0 robe (worn)
 f - a +0 hat (worn)
Scrolls
 d - a scroll of vulnerability {unknown}
Potions
 c - a potion of ambrosia
 e - a potion of curing {unknown}


   Skills:
 - Level 3.2 Fighting
 + Level 4.2 Maces & Flails
 + Level 0.8 Armour
 - Level 3.6 Dodging
 - Level 1.4 Stealth


You couldn't memorise any spells.
You didn't know any spells.
Your spell library was empty.

Dungeon Overview and Level Annotations

Branches:
Dungeon (1/15) Zot: 507

Altars:


Innate Abilities, Weirdness & Mutations

You passively map a small area around you.
You are easily found by Zot.
You glow in the dark.
You regain HP and MP as you explore.


Message History

There is an open door here.
d - a scroll labelled BIPYOC ETUA You now have 9 gold pieces.
e - a smoky grey potion A hobgoblin comes into view.
The hobgoblin shouts!
You completely miss the hobgoblin.
The hobgoblin hits you but does no damage.
You closely miss the hobgoblin. The hobgoblin barely misses you.
You sock the hobgoblin!
You kill the hobgoblin!
No target in view!
No target in view!
No target in view!
No target in view!
No target in view!
No target in view!
No target in view!
Found a hat.
Found a stone staircase leading down.
You see here a +0 hat.
You start putting on your armour.
You continue putting on your +0 hat. x4
You finish putting on your +0 hat.
A goblin comes into view. It is wielding a +0 dagger.
Found a stone staircase leading down.
The goblin shouts!
Nothing quivered!
Found 17 stones.
You sock the goblin!
You kill the goblin!
Things that are here:
a +0 dagger; a goblin corpse An endoplasm comes into view.
The endoplasm quivers.
Found 12 gold pieces.
The endoplasm barely misses you.
You sock the endoplasm!
You kill the endoplasm!
Unknown command.
Are you sure you want to abandon this character and quit the game? (Confirm with "yes".)

* * * #.# ##### #.## *,
#...# #.## * , ###.#.#
#... ** * #...#.###.## *
#.##........ #. ,
####(##.####.##
#..$#####..........#.# *
#.....@.....)...###### *
, *
#....####.##.##.####<##
, .....,
....#.##.##>#.#. ,....
......#.##.#♣..... ,
...,........#.##.#≈♣...♣
## ,..####.##.##>#≈≈♣.♣≈
* . ...... .#≈≈♣.♣≈ *
#.##.# ##≈♣.♣≈ * ,
###'##


There were no monsters in sight!

Vanquished Creatures
  An endoplasm (D:1)
  A goblin (D:1)
  A hobgoblin (D:1)
3 creatures vanquished.

Notes
Turn   | Place    | Note
-------+----------+-------------------------------------------
     0 | D:1      | Miritol the Meteoran Monk began the quest for the Orb.
     0 | D:1      | Reached XP level 1. HP: 19/19 MP: 2/2
    92 | D:1      | Quit the game

Illustrated notes

Levels and vault maps discovered:
D:1:      saegor_arrival_simple_d, layout_loops_cross

Action                   || total
-------------------------++-------
Melee: Mace              ||     5
Armor: Robe              ||     1
Dodge: Dodged            ||     2

Table legend: (Time is in decaauts)
 A = Elapsed time spent in this place.
 B = Non-inter-level travel time spent in this place.
 C = Inter-level travel time spent in this place.
 D = Time resting spent in this place.
 E = Time spent auto-exploring this place.
 F = Levels seen in this place.
 G = Mean time per level.
                   A        B        C        D        E       F      G
               +--------+--------+--------+--------+--------+-----+--------+
         Total |     93 |     93 |      0 |      0 |     61 |   1 |   93.0 |
       Dungeon |     93 |     93 |      0 |      0 |     61 |   1 |   93.0 |
               +--------+--------+--------+--------+--------+-----+--------+

Top non-repeatable levels by time:
     D:1: 93 daAuts
